 Dungeon Crawl Stone Soup version 0.22-a0-398-g8bb545f (webtiles) character file.

108 iamserjio the Magician (level 4, -2/24 HPs)
             Began as a Deep Elf Wizard on May 4, 2018.
             Slain by Menkaure (15 damage)
             ... on level 4 of the Dungeon.
             The game lasted 00:10:00 (3348 turns).

iamserjio the Magician (Deep Elf Wizard)            Turns: 3348, Time: 00:10:01

Health: -2/24      AC:  4    Str:  4    XL:     4   Next: 58%
Magic:  0/13       EV: 13    Int: 24    God:
Gold:   135        SH:  0    Dex: 13    Spells: 2/13 levels left

rFire    . . .     SeeInvis .   k - +0 spear
rCold    . . .     Gourm    .   (no shield)
rNeg     + . .     Faith    .   a - +0 robe
rPois    .         Spirit   .   b - +0 hat
rElec    .         Reflect  .   (no cloak)
rCorr    .         Harm     .   B - +0 pair of gloves
MR       .....                  x - +0 pair of boots
Stlth    ++........             (no amulet)
HPRegen  0.08/turn              A - ring of positive energy
MPRegen  0.13/turn              (no ring)

@: no status effects
A: no striking features
a: no special abilities


You were on level 4 of the Dungeon.
You were not hungry.

You visited 1 branch of the dungeon, and saw 6 of its levels.

You collected 180 gold pieces.
You spent 45 gold pieces at shops.

Inventory:

Hand Weapons
 c - a +0 dagger
 k - a +0 spear (weapon)
 y - a +0 trident
Armour
 a - a +0 robe (worn)
 b - a +0 hat (worn)
 x - a +0 pair of boots (worn)
 B - a +0 pair of gloves (worn)
Magical Staves
 u - an uncursed staff of poison
Jewellery
 A - a ring of positive energy (left hand)
Scrolls
 f - 2 scrolls of random uselessness {unknown}
 h - a scroll of immolation {unknown}
 j - 2 scrolls of blinking {unknown}
 m - 3 scrolls of remove curse
 n - 2 scrolls of enchant weapon {unknown}
 o - 4 scrolls of fear
 r - 2 scrolls of magic mapping {unknown}
 v - a scroll of amnesia {unknown}
 z - 2 scrolls of teleportation {unknown}
Potions
 e - a potion of heal wounds
 g - a potion of brilliance {unknown}
 i - a potion of degeneration {unknown}
 p - 3 potions of mutation
 q - a potion of curing {unknown}
 s - 2 potions of resistance {unknown}
 t - 2 potions of might {unknown}
 w - a potion of invisibility {unknown}
Comestibles
 d - 6 rations


   Skills:
 - Level 2.4 Dodging
 - Level 2.4 Stealth
 + Level 5.4 Spellcasting
 * Level 3.9 Conjurations
 - Level 1.1 Summonings
 - Level 1.1 Translocations
 + Level 1.2 Fire Magic


You had 2 spell levels left.
You knew the following spells:

 Your Spells              Type           Power        Failure   Level  Hunger
a - Magic Dart            Conj           ####         1%          1    None
b - Call Imp              Summ           ##......     9%          2    None
c - Blink                 Tloc           N/A          9%          2    None
d - Conjure Flame         Conj/Fire      ###.....     9%          3    #......
e - Mephitic Cloud        Conj/Pois/Air  ##......     16%         3    #......


Dungeon Overview and Level Annotations

Branches:
Dungeon (6/15)
 Temple: D:4-7

Altars:
Ashenzari
Dithmenos
Elyvilon
Hepliaklqana
Kikubaaqudgha
Okawaru
Xom
Yredelemnul

Shops:
D:4 [

Annotations:
D:4 Menkaure


Message History

Okay, then.
You feel much better.
Casting: Magic Dart (safe; 1% risk of failure)
Confirm with . or Enter, or press ? or * to list all spells.
Aiming: Magic Dart (safe; 1% risk of failure)
Press: ? - help, Shift-Dir - straight line, f/p - Menkaure
Aim: Menkaure (severely damaged, fast)
The magic dart hits Menkaure.
Menkaure is severely damaged.
Menkaure hits you!
Casting: Magic Dart (safe; 1% risk of failure)
Confirm with . or Enter, or press ? or * to list all spells.
Aiming: Magic Dart (safe; 1% risk of failure)
Press: ? - help, Shift-Dir - straight line, f/p - Menkaure
Aim: Menkaure (severely damaged, fast)
The magic dart hits Menkaure.
Menkaure is almost destroyed.
Menkaure hits you!
Ouch! That really hurt!
You die...

#.# ..# .## #.# ..#
#.# #># #.## #.# #..
#.# # #.#
#.####.#####M#
#......<....@#
#.####.##.####
#..>...##.# # #
#.####.##.####.# #.
#.####.........#
#..##.#....(......##
..............###....
#.#.#.#∩####..# ###
#...........[.#


You could see Menkaure.

Vanquished Creatures
  An adder (D:6)
  2 oozes
  A worm (D:2)
  2 dart slugs (D:1)
  A leopard gecko (D:3)
  7 orcs
  A giant cockroach (D:3)
  12 goblins
  10 hobgoblins
  A quokka (D:6)
  6 bats
  4 frilled lizards
  8 kobolds
  10 rats
66 creatures vanquished.

Vanquished Creatures (collateral kills)
  A gnoll (D:1)
  An ooze (D:1)
2 creatures vanquished.

Grand Total: 68 creatures vanquished

Notes
Turn   | Place    | Note
-------+----------+-------------------------------------------
     0 | D:1      | iamserjio the Deep Elf Wizard began the quest for the Orb.
     0 | D:1      | Reached XP level 1. HP: 10/10 MP: 7/7
   267 | D:1      | Reached XP level 2. HP: 7/15 MP: 0/9
   656 | D:2      | Learned a level 2 spell: Call Imp
   659 | D:2      | Learned a level 2 spell: Blink
  1029 | D:1      | Reached XP level 3. HP: 19/19 MP: 7/11
  1069 | D:1      | Reached skill level 5 in Spellcasting
  1705 | D:2      | Found an iron altar of Okawaru.
  1766 | D:2      | Learned a level 3 spell: Conjure Flame
  1770 | D:2      | Learned a level 3 spell: Mephitic Cloud
  2182 | D:3      | Reached XP level 4. HP: 21/24 MP: 4/13
  2510 | D:3      | Found a basalt altar of Yredelemnul.
  2514 | D:3      | Found a hazy altar of Hepliaklqana.
  2514 | D:3      | Found a shattered altar of Ashenzari.
  2515 | D:3      | Found an ancient bone altar of Kikubaaqudgha.
  2517 | D:3      | Found a shimmering altar of Xom.
  2651 | D:4      | Found a shadowy altar of Dithmenos.
  2697 | D:4      | Found a white marble altar of Elyvilon.
  2702 | D:4      | You fall through a shaft for 2 floors!
  2735 | D:6      | Reached skill level 1 in Fire Magic
  2749 | D:5      | Entered Level 5 of the Dungeon
  3198 | D:4      | Found Gasunk's Armour Shoppe.
  3202 | D:4      | Bought a +0 pair of gloves for 45 gold pieces
  3230 | D:4      | Noticed Menkaure
  3348 | D:4      | Slain by Menkaure

Vault maps used:
D:1:      nagdon_arrival_double_spiral, supply_closet_lemuel
D:2:      kennysheep_okawaru_gauntlet, first_ration
D:3:      minitemple
D:4:      kennysheep_little_box, grunt_dithmenos_smoke, marbit_many_paths,
          temple_doors_e, serial_shops, shop, shop, uniq_menkaure, uniq_robin
D:5:      overflow_temple_1_default, serial_shops, nicolae_shop_stone,
          minmay_crossroads
D:6:      serial_shops, nicolae_shop_waterfront

Skill      XL: |  1  2  3  4 |
---------------+-------------+-----
Conjurations   | 2 3 |  3.9
Spellcasting   | 5 |  5.4
Fire Magic     | 1 |  1.2
Dodging        | |  2.4
Stealth        | |  2.4
Summonings     | |  1.1
Translocations | |  1.1

Action                   |  1- 3 |  4- 6 || total
-------------------------+-------+-------++-------
Melee: Dagger            |     3 |       ||     3
       Spear             |     4 |    38 ||    42
 Cast: Magic Dart        |   110 |    66 ||   176
       Call Imp          |     4 |       ||     4
       Conjure Flame     |       |     3 ||     3
  Use: Scroll            |       |     4 ||     4
       Potion            |       |     1 ||     1
  Eat: Chunk             |     4 |       ||     4
       Ration            |       |     1 ||     1
Armor: Robe              |       |     9 ||     9
Dodge: Dodged            |    18 |    28 ||    46

Table legend:
 A = Spawn XP
 B = Non-spawn XP
 C = Spawn XP percentage of total XP
 D = Spawn monster count
 E = Non-spawn monster count
 F = Spawn count percentage of total count
 G = Total turns spent on level
                    A         B        C        D         E        F      G
               +---------+---------+-------+---------+---------+-------+---------
         Total |       0 |     155 |   0.0 |       0 |      68 |   0.0 |  3348
               +---------+---------+-------+---------+---------+-------+---------
           D:1 |       0 |      69 |   0.0 |       0 |      32 |   0.0 |  1651
           D:2 |       0 |      24 |   0.0 |       0 |      15 |   0.0 |   520
           D:3 |       0 |      21 |   0.0 |       0 |      12 |   0.0 |   471
           D:5 |       0 |      22 |   0.0 |       0 |       6 |   0.0 |   442
           D:6 |       0 |      19 |   0.0 |       0 |       3 |   0.0 |    47
               +---------+---------+-------+---------+---------+-------+---------
